 Dungeon Crawl Stone Soup version 0.27-a0-1245-g940ed4fa31 (webtiles) character file.

Game seed: 14442041914822404297

2983 deadmanwalking the Basher (level 9, 0/90 HPs)
             Began as a Minotaur Monk on June 9, 2021.
             Was an Initiate of Gozag.
             Slain by an orc warrior
             ... wielding the +5 scythe "Romaamott" {vorpal, SInv}
              (2 damage)
             ... in a bailey.
             The game lasted 00:21:31 (8941 turns).

deadmanwalking the Basher (Minotaur Monk)           Turns: 8941, Time: 00:21:31

Health: 0/90       AC: 12    Str: 19    XL:     9   Next: 53%
Magic:  8/8        EV:  8    Int:  8    God:    Gozag
Gold:   1040       SH:  0    Dex: 12    Spells: 8/8 levels left

rFire    + + +     SeeInvis .   a - +5 whip of Valour {vamp, Drain rF+++ rN+ rCorr}
rCold    + . .     Faith    .   (no shield)
rNeg     + . .     Spirit   .   o - +1 chain mail {rC+}
rPois    .         Reflect  .   (helmet restricted)
rElec    .         Harm     .   g - +0 cloak
rCorr    +         Rampage  .   m - +0 pair of gloves
Will     +....                  (no boots)
Stlth    ..........             (no amulet)
HPRegen  0.25/turn              l - ring of willpower
MPRegen  0.11/turn              (no ring)

@: studying Fighting
A: horns 2, retaliatory headbutt
a: Renounce Religion, Potion Petition, Call Merchant, Bribe Branch


You were in a bailey.
You worshipped Gozag.
Gozag was most pleased with you.
You visited 2 branches of the dungeon, and saw 8 of its levels.
You also visited: Bailey.

You collected 1040 gold pieces.

Inventory:

Hand Weapons
 a - the +5 whip of Valour (weapon) {vamp, Drain rF+++ rN+ rCorr}
   (You found it on level 6 of the Dungeon)

   It inflicts no extra harm, but heals its wielder when it wounds a living foe.
   It renders you almost immune to fire.
   It protects you from negative energy.
   It protects you from acid and corrosion.
   It drains your maximum health when unequipped.
 b - a +0 hunting sling
 i - a +0 mace of draining
 v - a +1 short sword of holy wrath
Missiles
 c - 217 stones (quivered)
 e - 42 bolts
 h - a datura-tipped dart
 k - 12 arrows
 w - 10 poisoned darts
Armour
 g - a +0 cloak (worn)
 m - a +0 pair of gloves (worn)
 n - a +0 leather armour
 o - a +1 chain mail of cold resistance (worn)
Jewellery
 l - a ring of willpower (left hand)
 z - a ring of ice
Scrolls
 j - 2 scrolls of amnesia
 q - 2 scrolls of teleportation
 r - a scroll of enchant armour {unknown}
 s - a scroll of blinking
Potions
 d - a potion of cancellation
 f - a potion of curing
 p - 2 potions of mutation
 t - a potion of flight {unknown}
 u - a potion of brilliance {unknown}
 x - a potion of heal wounds {unknown}
 A - a potion of haste


   Skills:
 + Level 12.1 Fighting
 - Level 12.1 Maces & Flails
 + Level 3.6 Throwing
 + Level 4.3 Armour
 - Level 3.2 Dodging
 - Level 1.5 Stealth


You had 8 spell levels left.
You didn't know any spells.
Your spell library was empty.

Dungeon Overview and Level Annotations

Branches:
Dungeon (7/15)             Temple (1/1) D:5          Bailey (1/1)

Altars:
Ashenzari
Cheibriados
Dithmenos
Elyvilon
Fedhas
Gozag
Kikubaaqudgha
Makhleb
Okawaru
Qazlal
Ru
Trog
Uskayaw
Wu Jian
Xom
Yredelemnul
Zin


Innate Abilities, Weirdness & Mutations

You have a pair of horns on your head.
You reflexively headbutt those who attack you in melee.


Message History

Things that are here:
a +0 hand axe; a +0 leather armour You start resting.
An orc warrior is nearby!
Press: ? - help, v - describe, . - travel
Here: an orc warrior, wielding the +5 scythe "Romaamott" {vorpal, SInv} and wearing a +0 plate armour (wandering, hasn't noticed you)
The floor.
The orc warrior shouts!
The orc warrior suddenly complains, as Orcs often do.
The orc warrior hits you with the +5 scythe "Romaamott" {vorpal, SInv}!
You hit the orc warrior.
You feel better.
You headbutt the orc warrior.
The orc warrior is lightly wounded.
The orc warrior hits you with the +5 scythe "Romaamott" {vorpal, SInv}!!
You hit the orc warrior but do no damage.
Your headbutt misses the orc warrior.
The orc warrior is lightly wounded.
You hit the orc warrior but do no damage.
Your headbutt misses the orc warrior.
The orc warrior is lightly wounded.
The orc warrior hits you with the +5 scythe "Romaamott" {vorpal, SInv}!
You closely miss the orc warrior. Your headbutt misses the orc warrior.
The orc warrior is lightly wounded.
You hit the orc warrior but do no damage.
The orc warrior is lightly wounded.
The orc warrior hits you with the +5 scythe "Romaamott" {vorpal, SInv}!
* * * LOW HITPOINT WARNING * * *
x2 You hit the orc warrior but do no damage.
The orc warrior is lightly wounded.
You hit the orc warrior but do no damage.
The orc warrior is lightly wounded.
The orc warrior hits you with the +5 scythe "Romaamott" {vorpal, SInv}!
* * * LOW HITPOINT WARNING * * *
x2 You hit the orc warrior but do no damage.
You headbutt the orc warrior.
The orc warrior is moderately wounded.
You hit the orc warrior.
You feel better.
The orc warrior is heavily wounded.
The orc warrior hits you with the +5 scythe "Romaamott" {vorpal, SInv}.
You die...
Your body crumbles into a pile of gold.

#.....⌠.....###'###....))
##.........###...###.$)).
#.........# .o... #..).)
##.......##..g...o##....
#.......#......g..#....
##.....##........o##..)
##'####........g..####
##.....## ##..) #....o@.#
#.... ##.......## ##)).(
#.........#


$$$$$ #))).. #.........##$ $ $##).).. #.....⌠.....#######.....⌠
##.........##.....##..... #......)).#.......#..... ##.....).##.......##....
#......[))........(.... You could see an orc warrior.

Vanquished Creatures
  Eustachio (D:4)
  13 orc warriors
  A sky beast (D:6)
  A black bear (D:7)
  A necrophage (D:6)
  An ogre (D:5)
  A phantom (D:7)
  Blork the orc (D:3)
  A scorpion (D:6)
  A wyvern zombie (D:6)
  A wyvern skeleton (D:6)
  2 water moccasin skeletons
  Crazy Yiuf (D:2)
  4 centaur skeletons
  3 hounds
  A jelly (D:5)
  An orc priest (D:3)
  A bullfrog skeleton (D:6)
  A gnoll shaman (D:4)
  Natasha (twice) (D:2)
  An iguana (D:6)
  3 orc wizards
  11 gnolls
  9 adders
  An adder skeleton (D:4)
  4 dart slugs
  32 orcs
  7 ball pythons
  5 endoplasms
  4 giant cockroaches
  19 goblins
  24 hobgoblins
  5 jackals
  7 kobolds
  4 quokkas
  7 bats
  6 frilled lizards
  5 rats
193 creatures vanquished.

Vanquished Creatures (others)
  10 demonic plants (D:2)
  5 fungi (D:2)
  3 plants (D:2)
  3 withered plants (D:2)
21 creatures vanquished.

Grand Total: 214 creatures vanquished

Notes
Turn   | Place    | Note
-------+----------+-------------------------------------------
     0 | D:1      | deadmanwalking the Minotaur Monk began the quest for the
                  | Orb.
     0 | D:1      | Reached XP level 1. HP: 19/19 MP: 0/0
    93 | D:1      | Reached XP level 2. HP: 26/26 MP: 1/1
   468 | D:1      | Reached skill level 5 in Maces & Flails
   512 | D:1      | Reached XP level 3. HP: 31/31 MP: 2/2
   911 | D:2      | Found a faded altar of an unknown god.
  1669 | D:2      | Noticed Natasha
  1680 | D:2      | Killed Natasha
  1681 | D:2      | Reached XP level 4. HP: 13/39 MP: 3/3
  1965 | D:2      | Found a runed translucent door.
  1966 | D:2      | Noticed Crazy Yiuf
  1975 | D:2      | HP: 1/39 [Crazy Yiuf/+2 quarterstaff of chaos (7)]
  1976 | D:2      | Killed Crazy Yiuf
  2340 | D:2      | Noticed Natasha
  2347 | D:2      | Killed Natasha
  2348 | D:2      | Reached XP level 5. HP: 32/45 MP: 4/4
  2497 | D:3      | Found a hide-covered altar of Uskayaw.
  2497 | D:3      | Noticed a +0 short sword
  2497 | D:3      | Noticed a +0 falchion
  2498 | D:3      | Noticed a +0 spear
  2498 | D:3      | Noticed a +0 dagger
  2499 | D:3      | Noticed a +0 dagger
  2499 | D:3      | Noticed a +0 spear
  2499 | D:3      | Noticed a +0 short sword
  2501 | D:3      | Noticed a +0 falchion
  2816 | D:3      | Found a burning altar of Makhleb.
  3426 | D:4      | Reached XP level 6. HP: 48/51 MP: 5/5
  3459 | D:4      | Noticed Blork the orc
  3510 | D:3      | Killed Blork the orc
  4025 | D:4      | Found an opulent altar of Gozag.
  4057 | D:4      | Became a worshipper of Gozag Ym Sagoz the Greedy
  4181 | D:4      | Found a sacrificial altar of Ru.
  4217 | D:4      | Noticed Eustachio
  4240 | D:4      | Killed Eustachio
  4241 | D:4      | Reached skill level 10 in Maces & Flails
  4241 | D:4      | Reached XP level 7. HP: 19/57 MP: 6/6
  4684 | D:4      | Found a glowing silver altar of Zin.
  4995 | D:5      | Entered Level 5 of the Dungeon
  5329 | D:5      | Reached skill level 5 in Fighting
  5623 | D:5      | Found a staircase to the Ecumenical Temple.
  5632 | Temple   | Entered the Ecumenical Temple
  6299 | D:6      | Reached XP level 8. HP: 68/71 MP: 7/7
  6633 | D:6      | Identified the +5 whip of Valour {vamp, Drain rF+++ rN+
                  | rCorr}
  7482 | D:7      | Found a broken altar of Ashenzari.
  7544 | D:7      | Reached skill level 10 in Fighting
  7557 | D:7      | Found a flagged portal.
  7566 | Bailey   | Entered a bailey
  7702 | Bailey   | Reached skill level 1 in Armour
  7776 | Bailey   | Reached XP level 9. HP: 86/86 MP: 8/8
  7789 | Bailey   | Reached skill level 1 in Throwing
  8201 | Bailey   | Noticed an orc warlord
  8431 | Bailey   | HP: 4/90 [orc warlord/+4 vorpal bardiche (18)]
  8460 | Bailey   | Identified the +5 scythe "Romaamott" {vorpal, SInv}
  8466 | Bailey   | HP: 3/90 [orc warrior/the +5 scythe "Romaamott" {vorpal,
                  | SInv} (7)]
  8598 | Bailey   | HP: 1/90 [orc warrior/+0 war axe (5)]
  8939 | Bailey   | HP: 4/90 [orc warrior/the +5 scythe "Romaamott" {vorpal,
                  | SInv} (8)]
  8939 | Bailey   | HP: 1/90 [orc warrior/the +5 scythe "Romaamott" {vorpal,
                  | SInv} (3)]
  8941 | Bailey   | Slain by an orc warrior

Illustrated notes

Levels and vault maps discovered:
D:1:      lightli_arrival_isolated_outpost, layout_loops_ring
D:2:      layout_basic, shapermc_ecumenical_altar_gd,
          chequers_serial_rivers_large_b, uniq_natasha, uniq_crazy_yiuf_cottage
D:3:      layout_loops_ring, nicolae_overflow_hidden_temple,
          nicolae_uskayaw_en_pointe, serial_glass, glass_columns_a,
          glass_columns_c
D:4:      minmay_thinvault, layout_rooms, zin_academy,
          nicolae_gozag_cash_rules_everything_around_me,
          nicolae_ru_great_annihilating_truth, minmay_misc_feat_nine_boxes,
          hangedman_abyss_or_decor_stagger, uniq_blork_the_orc, uniq_eustachio
D:5:      layout_basic, minmay_temple_entry_statues_fountains
D:6:      layout_basic, feat_on_display
D:7:      layout_basic, tso_oasis_becter, nicolae_overflow_crystal_walls,
          nicolae_hepliaklqana_monster_ancestors, enter_bailey_6
Temple:   minmay_temple_curvy_loop
Bailey:   bailey_axe_minmay_hex_keep, bailey

Skill      XL: |  1  2  3  4  5  6  7  8  9 |
---------------+----------------------------+-----
Maces & Flails | 4 5 6 7 8 10 12 | 12.1
Fighting       | 6 10 12 | 12.1
Armour         | 1 4 |  4.3
Throwing       | 3 |  3.6
Dodging        | |  3.2
Stealth        | |  1.5

Action                   |  1- 3 |  4- 6 |  7- 9 || total
-------------------------+-------+-------+-------++-------
Melee: Mace              |    86 |   128 |    97 ||   311
       Headbutt          |    18 |    20 |    80 ||   118
       Whip              |       |       |   273 ||   273
 Fire: Hunting sling     |       |       |     4 ||     4
Throw: Throwing net      |       |     1 |       ||     1
       Dart              |       |       |     9 ||     9
  Use: Scroll            |     3 |     3 |    10 ||    16
       Potion            |       |       |     3 ||     3
 Stab: Sleeping          |     5 |     5 |     1 ||    11
       Distracted        |       |     1 |     1 ||     2
       Held in net/web   |       |     1 |       ||     1
       Paralysed         |       |     1 |       ||     1
Armor: Robe              |    10 |       |       ||    10
       Leather armour    |     4 |    40 |    32 ||    76
       Chain mail        |       |       |    43 ||    43
Dodge: Dodged            |    47 |   101 |   106 ||   254

Table legend: (Time is in decaauts)
 A = Elapsed time spent in this place.
 B = Non-inter-level travel time spent in this place.
 C = Inter-level travel time spent in this place.
 D = Time resting spent in this place.
 E = Time spent auto-exploring this place.
 F = Levels seen in this place.
 G = Mean time per level.
                   A        B        C        D        E       F      G
               +--------+--------+--------+--------+--------+-----+--------+
         Total |   8840 |   8340 |    500 |    371 |   6338 |   9 |  982.2 |
       Dungeon |   7364 |   6887 |    477 |      2 |   5672 |   7 | 1052.0 |
        Temple |    234 |    211 |     23 |      0 |    196 |   1 |  234.0 |
        Bailey |   1241 |   1241 |      0 |    369 |    470 |   1 | 1241.0 |
               +--------+--------+--------+--------+--------+-----+--------+

Top non-repeatable levels by time:
     D:2: 1554 daAuts
     D:4: 1540 daAuts
  Bailey: 1241 daAuts
     D:5: 1142 daAuts
     D:3: 1138 daAuts
     D:6: 940 daAuts
     D:1: 909 daAuts
  Temple: 234 daAuts
     D:7: 138 daAuts
